| TOP OF THE 1ST |
|
Amarillo Gold Sox batting - Pitching for Albuquerque Dukes : RHP Eric Plunk
|
|
Pitching: RHP Eric Plunk
|
|
|
Batting: SHB Mike Felder
|
0-0: SINGLE (Line Drive, 34, EV 98.1 MPH)
|
|
Batting: LHB Hector Arroyo
|
0-0: Ball 1-0: Ball 2-0: Ground out 4-3 (Groundball, 34, EV 104.4 MPH) Mike Felder to second
|
|
Batting: SHB Al Newman
|
0-0: Foul Ball, location: 2F 0-1: Ball 1-1: DOUBLE (Line Drive, 9LS, EV 106.3 MPH) Mike Felder scores
|
|
Batting: LHB Louie Meadows
|
0-0: Ball 1-0: Called Strike 1-1: Ball Passed Ball! Al Newman to third 2-1: Called Strike 2-2: Foul Ball, location: 2F 2-2: Foul Ball, location: 2F 2-2: Ground out U3 (Groundball, 3, EV 87.5 MPH)
|
|
Batting: SHB Steve Jeltz
|
0-0: Ball 1-0: Ball 2-0: Ball 3-0: Called Strike 3-1: Called Strike 3-2: Strikes out swinging
|
| Top of the 1st over - 1 run, 2 hits, 0 errors, 1 left on base; Amarillo 1 - Albuquerque 0 |
| BOTTOM OF THE 1ST |
|
Albuquerque Dukes batting - Pitching for Amarillo Gold Sox : RHP Larry Kuhn
|
|
Pitching: RHP Larry Kuhn
|
|
|
Batting: LHB Andres Romero
|
0-0: Ball 1-0: Ball 2-0: Ball 3-0: Called Strike 3-1: Base on Balls
|
|
Batting: RHB Steven Patterson
|
0-0: Called Strike 0-1: Called Strike 0-2: Foul Ball, location: 2F 0-2: Ball 1-2: Ball 2-2: Foul Ball, location: 2F 2-2: Strikes out swinging
|
|
Batting: LHB Darren Daulton
|
0-0: Called Strike 0-1: Ball 1-1: Ball 2-1: Ball 3-1: Base on Balls Andres Romero to second
|
|
Batting: LHB Dave Yobs
|
0-0: Called Strike Andres Romero is caught stealing 3rd base 2-5 0-1: Ball 1-1: Ball 2-1: Foul Ball, location: 2F 2-2: Ball 3-2: Foul Ball, location: 2F 3-2: Base on Balls Darren Daulton to second
|
|
Batting: RHB Jeffrey Ronk
|
0-0: SINGLE (Flyball, 7LS, EV 90.0 MPH) Darren Daulton to third Dave Yobs to second Runner from 3rd tries for Home, SAFE, throw by LF to home
|
|
Batting: LHB Matthew Henderson
|
0-0: Ball 1-0: Ball 2-0: Called Strike 2-1: Ball 3-1: Base on Balls Dave Yobs to third Jeffrey Ronk to second
|
|
Batting: RHB George Foussianes
|
0-0: Ball 1-0: Ball 2-0: Ball 3-0: Base on Balls Dave Yobs scores Jeffrey Ronk to third Matthew Henderson to second
|
|
Batting: RHB Edward Gates
|
0-0: Foul Ball, location: 2F 0-1: SINGLE (Line Drive, 4MD, EV 108.8 MPH) Jeffrey Ronk scores Matthew Henderson to third George Foussianes to second Runner from 3rd tries for Home, SAFE, throw by CF to home
|
|
Batting: RHB Kevin Harvey
|
0-0: Called Strike 0-1: Ball 1-1: Fielders Choice at 2nd, 6-4 (Groundball, 6, EV 81.9 MPH)
|
| Bottom of the 1st over - 4 runs, 2 hits, 0 errors, 2 left on base; Amarillo 1 - Albuquerque 4 |
| TOP OF THE 2ND |
|
Amarillo Gold Sox batting - Pitching for Albuquerque Dukes : RHP Eric Plunk
|
|
Batting: LHB Derwin McNealy
|
0-0: Called Strike 0-1: Called Strike 0-2: Strikes out looking
|
|
Batting: RHB Andrew Barbee
|
0-0: Called Strike 0-1: Ball 1-1: Ball 2-1: Called Strike 2-2: Ball 3-2: Foul Ball, location: 2F 3-2: Base on Balls
|
|
Batting: RHB Vic Alvarado
|
0-0: Called Strike 0-1: Ball 1-1: Called Strike 1-2: Fly out, F6 (Popup, 6M, EV 75.6 MPH)
|
|
Batting: RHB Bill Pecota
|
0-0: Ball 1-0: Ball 2-0: Called Strike 2-1: Ball 3-1: Swinging Strike 3-2: Ground out 6-3 (Groundball, 56, EV 83.1 MPH)
|
| Top of the 2nd over - 0 runs, 0 hits, 0 errors, 1 left on base; Amarillo 1 - Albuquerque 4 |
| BOTTOM OF THE 2ND |
|
Albuquerque Dukes batting - Pitching for Amarillo Gold Sox : RHP Larry Kuhn
|
|
Batting: LHB Andres Romero
|
0-0: Ball 1-0: Called Strike 1-1: Swinging Strike 1-2: Ball 2-2: Ball 3-2: Foul Ball, location: 2F 3-2: Base on Balls
|
|
Batting: RHB Steven Patterson
|
0-0: Called Strike 0-1: Ball 1-1: Ball 2-1: Called Strike 2-2: Grounds into double play, 6-4-3 (Groundball, 6, EV 110.0 MPH)
|
|
Batting: LHB Darren Daulton
|
0-0: Ball 1-0: Fly out, F5 (Popup, 5, EV 80.6 MPH)
|
| Bottom of the 2nd over - 0 runs, 0 hits, 0 errors, 0 left on base; Amarillo 1 - Albuquerque 4 |
| TOP OF THE 3RD |
|
Amarillo Gold Sox batting - Pitching for Albuquerque Dukes : RHP Eric Plunk
|
|
Batting: SHB Mike Felder
|
0-0: Called Strike 0-1: Called Strike 0-2: Strikes out swinging
|
|
Batting: LHB Hector Arroyo
|
0-0: Ball 1-0: SINGLE (Flyball, 6D, EV 91.3 MPH)
|
|
Batting: SHB Al Newman
|
0-0: Called Strike 0-1: Ball 1-1: Ball 2-1: Foul Ball, location: 2F 2-2: Ball 3-2: Fly out, F9 (Flyball, 89S, EV 79.4 MPH)
|
|
Batting: LHB Louie Meadows
|
0-0: Called Strike 0-1: Ball 1-1: Called Strike Hector Arroyo steals 2nd base 1-2: Ball 2-2: Ball 3-2: Base on Balls
|
|
Batting: SHB Steve Jeltz
|
0-0: Ball Passed Ball! Hector Arroyo to third Louie Meadows to second 1-0: Ball 2-0: Fly out, F8 (Flyball, 8RD, EV 103.8 MPH)
|
| Top of the 3rd over - 0 runs, 1 hit, 0 errors, 2 left on base; Amarillo 1 - Albuquerque 4 |
| BOTTOM OF THE 3RD |
|
Albuquerque Dukes batting - Pitching for Amarillo Gold Sox : RHP Larry Kuhn
|
|
Batting: LHB Dave Yobs
|
0-0: Called Strike 0-1: Ball 1-1: Ball 2-1: SINGLE (Groundball, P, EV 80.6 MPH) (infield hit)
|
|
Batting: RHB Jeffrey Ronk
|
0-0: Ball 1-0: Grounds into double play, 4-6-3 (Groundball, 4MD, EV 83.1 MPH)
|
|
Batting: LHB Matthew Henderson
|
0-0: Ball 1-0: Ball 2-0: Called Strike 2-1: Ball 3-1: Base on Balls
|
|
Batting: RHB George Foussianes
|
0-0: Ball 1-0: Foul Ball, location: 2F 1-1: Ball 2-1: Ball 3-1: Swinging Strike 3-2: Foul Ball, location: 2F 3-2: Base on Balls Matthew Henderson to second
|
|
Batting: RHB Edward Gates
|
0-0: Fielders Choice at 2nd, 6-4 (Groundball, 6, EV 88.8 MPH)
|
| Bottom of the 3rd over - 0 runs, 1 hit, 0 errors, 2 left on base; Amarillo 1 - Albuquerque 4 |
| TOP OF THE 4TH |
|
Amarillo Gold Sox batting - Pitching for Albuquerque Dukes : RHP Eric Plunk
|
|
Batting: LHB Derwin McNealy
|
0-0: Called Strike 0-1: Ball 1-1: Ground out 5-3 (Groundball, 56D, EV 99.4 MPH)
|
|
Batting: RHB Andrew Barbee
|
0-0: Called Strike 0-1: Ball 1-1: Swinging Strike 1-2: Strikes out looking
|
|
Batting: RHB Vic Alvarado
|
0-0: Called Strike 0-1: Ball 1-1: Ball 2-1: Called Strike 2-2: Foul Ball, location: 2F 2-2: Foul Ball, location: 2F 2-2: Foul Ball, location: 2F 2-2: Fly out, F8 (Flyball, 8RD, EV 80.0 MPH)
|
| Top of the 4th over - 0 runs, 0 hits, 0 errors, 0 left on base; Amarillo 1 - Albuquerque 4 |
| BOTTOM OF THE 4TH |
|
Albuquerque Dukes batting - Pitching for Amarillo Gold Sox : RHP Larry Kuhn
|
|
Batting: RHB Kevin Harvey
|
0-0: Ball 1-0: Ground out 5-3 (Groundball, 56, EV 82.5 MPH)
|
|
Batting: LHB Andres Romero
|
0-0: Ball 1-0: Ball 2-0: Foul Ball, location: 2F 2-1: Ground out U3 (Groundball, 3L, EV 81.9 MPH)
|
|
Batting: RHB Steven Patterson
|
0-0: Ball
|
|
|
|
|
|
1-0: Ball 2-0: Ball 3-0: Called Strike 3-1: Base on Balls
|
|
Batting: LHB Darren Daulton
|
0-0: Called Strike 0-1: Ball 1-1: Ball 2-1: Ball 3-1: Foul Ball, location: 2F 3-2: Base on Balls Steven Patterson to second
|
|
Batting: LHB Dave Yobs
|
0-0: Foul Ball, location: 2F 0-1: Called Strike 0-2: Ball 1-2: Ball 2-2: Foul Ball, location: 2F 2-2: Ball 3-2: Base on Balls Steven Patterson to third Darren Daulton to second
|
|
Pitching: RHP Alec Christianson
|
|
|
Batting: RHB Jeffrey Ronk
|
0-0: Ball 1-0: Ball 2-0: Called Strike 2-1: Foul Ball, location: 2F 2-2: Foul Ball, location: 2F 2-2: Fly out, F7 (Line Drive, 7D, EV 86.9 MPH)
|
| Bottom of the 4th over - 0 runs, 0 hits, 0 errors, 3 left on base; Amarillo 1 - Albuquerque 4 |
| TOP OF THE 5TH |
|
Amarillo Gold Sox batting - Pitching for Albuquerque Dukes : RHP Eric Plunk
|
|
Batting: RHB Bill Pecota
|
0-0: Ball 1-0: SINGLE (Line Drive, 78S, EV 100.0 MPH)
|
|
Batting: SHB Mike Felder
|
0-0: Swinging Strike 0-1: Ball 1-1: Called Strike 1-2: Ball 2-2: Strikes out swinging
|
|
Batting: LHB Hector Arroyo
|
0-0: Fielders Choice at 2nd, 1-6 (Groundball, 13S, EV 73.1 MPH)
|
|
Batting: SHB Al Newman
|
0-0: Ball 1-0: Called Strike 1-1: Ball 2-1: Swinging Strike 2-2: Ball 3-2: Foul Ball, location: 2F 3-2: Base on Balls Hector Arroyo to second
|
|
Batting: LHB Louie Meadows
|
0-0: Ball 1-0: Ball 2-0: Foul Ball, location: 2F 2-1: Swinging Strike 2-2: Ball 3-2: Base on Balls Hector Arroyo to third Al Newman to second
|
|
Batting: SHB Steve Jeltz
|
0-0: Swinging Strike 0-1: Foul Ball, location: 2F 0-2: Strikes out looking
|
| Top of the 5th over - 0 runs, 1 hit, 0 errors, 3 left on base; Amarillo 1 - Albuquerque 4 |
| BOTTOM OF THE 5TH |
|
Albuquerque Dukes batting - Pitching for Amarillo Gold Sox : RHP Alec Christianson
|
|
Batting: LHB Matthew Henderson
|
0-0: Foul Ball, location: 2F 0-1: Foul Ball, location: 2F 0-2: Strikes out swinging
|
|
Batting: RHB George Foussianes
|
0-0: Called Strike 0-1: Called Strike 0-2: Ball 1-2: SINGLE (Groundball, 6MD, EV 101.9 MPH)
|
|
Batting: RHB Edward Gates
|
0-0: Called Strike 0-1: Ball 1-1: Ball 2-1: Ball 3-1: Base on Balls George Foussianes to second
|
|
Batting: RHB Kevin Harvey
|
0-0: Called Strike 0-1: Ball 1-1: Ball 2-1: Called Strike 2-2: Foul Ball, location: 2F 2-2: Ball 3-2: Fly out, F7 (Flyball, 7LS, EV 95.0 MPH)
|
|
Batting: LHB Andres Romero
|
0-0: Ground out 4-3 (Groundball, 4, EV 86.9 MPH)
|
| Bottom of the 5th over - 0 runs, 1 hit, 0 errors, 2 left on base; Amarillo 1 - Albuquerque 4 |
| TOP OF THE 6TH |
|
Amarillo Gold Sox batting - Pitching for Albuquerque Dukes : RHP Eric Plunk
|
|
Batting: LHB Derwin McNealy
|
0-0: Ball 1-0: Swinging Strike 1-1: Ball 2-1: Foul Ball, location: 2F 2-2: Strikes out swinging
|
|
Batting: RHB Andrew Barbee
|
0-0: Ball 1-0: Fly out, F9 (Flyball, 9LD, EV 87.5 MPH)
|
|
Batting: RHB Vic Alvarado
|
0-0: Ground out 6-3 (Groundball, 6, EV 82.5 MPH)
|
| Top of the 6th over - 0 runs, 0 hits, 0 errors, 0 left on base; Amarillo 1 - Albuquerque 4 |
| BOTTOM OF THE 6TH |
|
Albuquerque Dukes batting - Pitching for Amarillo Gold Sox : RHP Alec Christianson
|
|
Batting: RHB Steven Patterson
|
0-0: Ball 1-0: Ball 2-0: Foul Ball, location: 2F 2-1: Called Strike 2-2: SINGLE (Line Drive, 9S, EV 102.5 MPH)
|
|
Batting: LHB Darren Daulton
|
0-0: Called Strike 0-1: Ball 1-1: Swinging Strike 1-2: Foul Ball, location: 2F 1-2: Ball 2-2: Ball 3-2: Foul Ball, location: 2F 3-2: DOUBLE (Line Drive, 7LD, EV 105.0 MPH) Steven Patterson to third Runner from 3rd tries for Home, SAFE, throw by LF to home
|
|
Batting: LHB Dave Yobs
|
0-0: Called Strike Darren Daulton steals 3rd base 0-1: Called Strike 0-2: Foul Ball, location: 2F 0-2: Foul Ball, location: 2F 0-2: Fly out, F8 (Flyball, 8LS, EV 84.4 MPH)
|
|
Batting: RHB Jeffrey Ronk
|
0-0: Ball 1-0: Ball 2-0: Fly out, F9 (Flyball, 9D, EV 101.3 MPH) Runner from 3rd tags up, SCORES, no throw by RF
|
|
Batting: LHB Matthew Henderson
|
0-0: Ball 1-0: Ball 2-0: Called Strike 2-1: SINGLE (Line Drive, 9S, EV 105.6 MPH)
|
|
Batting: RHB George Foussianes
|
0-0: Swinging Strike 0-1: Ball 1-1: Swinging Strike 1-2: Ball 2-2: Ball 3-2: SINGLE (Line Drive, 8RS, EV 100.6 MPH) Matthew Henderson to second Matthew Henderson to third
|
|
Batting: RHB Edward Gates
|
0-0: Ball 1-0: Ball 2-0: Foul Ball, location: 2F 2-1: Ball 3-1: Called Strike 3-2: Base on Balls George Foussianes to second
|
|
Pitching: RHP Luis Peralta
|
|
|
Batting: RHB Kevin Harvey
|
0-0: Ball 1-0: Called Strike 1-1: Ground out 4-3 (Groundball, 4S, EV 86.9 MPH)
|
| Bottom of the 6th over - 2 runs, 4 hits, 0 errors, 3 left on base; Amarillo 1 - Albuquerque 6 |
| TOP OF THE 7TH |
|
Amarillo Gold Sox batting - Pitching for Albuquerque Dukes : RHP Eric Plunk
|
|
Batting: RHB Bill Pecota
|
0-0: Called Strike 0-1: Foul Ball, location: 2F 0-2: Ball 1-2: Ball 2-2: Strikes out looking
|
|
Batting: SHB Mike Felder
|
0-0: Ball 1-0: Ball 2-0: DOUBLE (Flyball, 89D, EV 93.1 MPH)
|
|
Batting: LHB Hector Arroyo
|
Balk! Mike Felder to third 0-0: Called Strike 0-1: Foul Ball, location: 2F 0-2: Strikes out swinging
|
|
Batting: SHB Al Newman
|
0-0: Ball 1-0: SINGLE (Line Drive, 34, EV 93.8 MPH) Mike Felder scores
|
|
Batting: LHB Louie Meadows
|
0-0: Ball 1-0: Ball Al Newman steals 2nd base 2-0: Ball 3-0: Base on Balls
|
|
Batting: SHB Steve Jeltz
|
0-0: Ball 1-0: Called Strike 1-1: Foul Ball, location: 2F 1-2: Foul Ball, location: 2F 1-2: Ball 2-2: Ground out 4-3 (Groundball, 4, EV 89.4 MPH)
|
| Top of the 7th over - 1 run, 2 hits, 0 errors, 2 left on base; Amarillo 2 - Albuquerque 6 |
| BOTTOM OF THE 7TH |
|
Albuquerque Dukes batting - Pitching for Amarillo Gold Sox : RHP Luis Peralta
|
|
Batting: LHB Andres Romero
|
0-0: Ball 1-0: SINGLE (Groundball, 6D, EV 98.1 MPH)
|
|
Batting: RHB Steven Patterson
|
0-0: Ball 1-0: Fly out, F9 (Flyball, 89D, EV 108.8 MPH)
|
|
Batting: LHB Darren Daulton
|
0-0: Ball 1-0: Ball 2-0: Foul Ball, location: 2F 2-1: Grounds into double play, 5-4-3 (Groundball, 56, EV 108.8 MPH)
|
| Bottom of the 7th over - 0 runs, 1 hit, 0 errors, 0 left on base; Amarillo 2 - Albuquerque 6 |
| TOP OF THE 8TH |
|
Amarillo Gold Sox batting - Pitching for Albuquerque Dukes : RHP Eric Plunk
|
|
Batting: LHB Derwin McNealy
|
0-0: Fly out, F6 (Line Drive, 6, EV 70.0 MPH)
|
|
Batting: RHB Andrew Barbee
|
0-0: Swinging Strike 0-1: Foul Ball, location: 2F 0-2: Foul Ball, location: 2F 0-2: Strikes out swinging
|
|
Batting: RHB Vic Alvarado
|
0-0: Called Strike 0-1: Ground out 5-3 (Groundball, 56, EV 105.6 MPH)
|
| Top of the 8th over - 0 runs, 0 hits, 0 errors, 0 left on base; Amarillo 2 - Albuquerque 6 |
| BOTTOM OF THE 8TH |
|
Albuquerque Dukes batting - Pitching for Amarillo Gold Sox : RHP Luis Peralta
|
|
Batting: LHB Dave Yobs
|
0-0: Called Strike 0-1: SINGLE (Groundball, 56D, EV 106.3 MPH)
|
|
Batting: RHB Jeffrey Ronk
|
0-0: Called Strike 0-1: Ball 1-1: Ball 2-1: Ball 3-1: Foul Ball, location: 2F 3-2: Foul Ball, location: 2F 3-2: SINGLE (Line Drive, 7S, EV 86.9 MPH) Dave Yobs to second
|
|
Batting: LHB Matthew Henderson
|
0-0: Ball 1-0: Ball 2-0: Foul Ball, location: 2F 2-1: Called Strike 2-2: Fly out, F7 (Flyball, 7LS, EV 78.8 MPH)
|
|
Batting: RHB George Foussianes
|
0-0: 3-RUN HOME RUN (Flyball, 7D, EV 99.4 MPH), Distance : 354 ft
|
|
Batting: RHB Edward Gates
|
0-0: Called Strike 0-1: Ground out 6-3 (Groundball, 6M, EV 80.6 MPH)
|
|
Batting: RHB Kevin Harvey
|
0-0: Ball 1-0: Called Strike 1-1: Ball 2-1: Ball 3-1: SINGLE (Line Drive, 9S, EV 112.5 MPH)
|
|
Pinch Hitting: LHB Rodney Kemp
|
0-0: Ball 1-0: Ball 2-0: Ball 3-0: Called Strike 3-1: Base on Balls Kevin Harvey to second
|
|
Batting: RHB Steven Patterson
|
0-0: Ball 1-0: Ball 2-0: Ball 3-0: Called Strike 3-1: Base on Balls Kevin Harvey to third Rodney Kemp to second
|
|
Batting: LHB Darren Daulton
|
0-0: Ball 1-0: Ball 2-0: Ball 3-0: Called Strike 3-1: Swinging Strike 3-2: Base on Balls Kevin Harvey scores Rodney Kemp to third Steven Patterson to second
|
|
Pitching: RHP Charles Schupp
|
|
|
Batting: LHB Dave Yobs
|
0-0: Called Strike 0-1: Foul Ball, location: 2F 0-2: Ball 1-2: Ball 2-2: SINGLE (Groundball, 34D, EV 93.8 MPH) Rodney Kemp scores Steven Patterson to third Darren Daulton to second Runner from 3rd tries for Home, SAFE, throw by RF to home
|
|
Batting: RHB Jeffrey Ronk
|
0-0: Ball 1-0: Foul Ball, location: 2F 1-1: Ball 2-1: Ball 3-1: Base on Balls Darren Daulton to third Dave Yobs to second
|
|
Batting: LHB Matthew Henderson
|
0-0: Called Strike 0-1: Ball 1-1: Called Strike 1-2: Ball 2-2: Ball 3-2: Foul Ball, location: 2F 3-2: Foul Ball, location: 2F 3-2: Base on Balls Darren Daulton scores Dave Yobs to third Jeffrey Ronk to second
|
|
Batting: RHB George Foussianes
|
0-0: Ball 1-0: Swinging Strike 1-1: Foul Ball, location: 2F 1-2: Foul Ball, location: 2F 1-2: Ball 2-2: Foul Ball, location: 2F 2-2: Foul Ball, location: 2F 2-2: Ball 3-2: Foul Ball, location: 2F 3-2: GRAND SLAM HOME RUN (Flyball, 7LD, EV 106.3 MPH), Distance : 346 ft
|
|
Pitching: LHP Gregg Lorenz
|
|
|
Batting: RHB Edward Gates
|
0-0: Ball 1-0: Ground out 4-3 (Groundball, 4, EV 86.3 MPH)
|
| Bottom of the 8th over - 11 runs, 6 hits, 0 errors, 0 left on base; Amarillo 2 - Albuquerque 17 |
| TOP OF THE 9TH |
|
Amarillo Gold Sox batting - Pitching for Albuquerque Dukes : RHP Eric Plunk
|
|
Now in LF: Rodney Kemp
|
|
|
Batting: RHB Bill Pecota
|
0-0: Ball 1-0: Called Strike 1-1: Foul Ball, location: 2F 1-2: Strikes out swinging
|
|
Pinch Hitting: RHB J.P. Pierson
|
0-0: Ball 1-0: Called Strike 1-1: Ball 2-1: Ball 3-1: Base on Balls
|
|
Batting: LHB Hector Arroyo
|
0-0: Called Strike 0-1: Ball 1-1: Ball 2-1: Ball 3-1: Foul Ball, location: 2F 3-2: Foul Ball, location: 2F 3-2: Base on Balls J.P. Pierson to second
|
|
Pitching: RHP Michael Tancredi
|
|
|
Pinch Hitting: RHB Dan Henry
|
0-0: Ball 1-0: Called Strike 1-1: Ball 2-1: Ball 3-1: Base on Balls J.P. Pierson to third Hector Arroyo to second
|
|
Batting: LHB Louie Meadows
|
0-0: Foul Ball, location: 2F 0-1: SINGLE (Groundball, 6MD, EV 101.9 MPH) J.P. Pierson scores Hector Arroyo to third Dan Henry to second
|
|
Batting: SHB Steve Jeltz
|
0-0: Called Strike 0-1: Ball 1-1: Ball 2-1: Called Strike 2-2: Strikes out looking
|
|
Batting: LHB Derwin McNealy
|
0-0: Ball 1-0: Foul Ball, location: 2F 1-1: Foul Ball, location: 2F 1-2: Foul Ball, location: 2F 1-2: Foul Ball, location: 2F 1-2: Fly out, F8 (Line Drive, 8LD, EV 90.0 MPH)
|
| Top of the 9th over - 1 run, 1 hit, 0 errors, 3 left on base; Amarillo 3 - Albuquerque 17 |
 |
|
Wednesday, July 22nd, 2020 - OOTP Baseball 21.4 Build 63
|
|